Map: At Eternity's Edge LE

Players

SLicKcHeeZEE - Winner!

  • Race: Zerg Zerg
  • League: Bronze

BigDaddy

  • Race: Protoss Protoss
  • League: Silver

VOD

Have the link to the VOD?

Description

Time

  • Played on: Sept. 27, 2026, 10:14 p.m.
  • Length: 9:42
Show
View Real Time Build Order
Export as new Build Order

SLicKcHeeZEE Zerg - Winner!

Build Orders: Hatch First 

Get SALT Encoding   

  8  0:01  Drone  
  9  0:12  Drone  
  10  0:19  Drone  
  11  0:31  Overlord  
  11  0:34  Drone  
  14  0:50  Drone x2  
  14  0:56  Drone  
  15  1:16  Hatchery  
  15  1:17  Drone  
  15  1:22  Drone  
  16  1:27  Drone  
  17  1:41  Spawning Pool  
  17  1:44  Drone  
  17  1:48  Extractor  
  17  1:49  Drone  
  17  1:52  Drone  
  18  2:01  Drone  
  19  2:16  Overlord  
  19  2:28  Queen  
  19  2:29  Queen  
  21  2:32  Zergling x2  
  24  2:39  Drone  
  24  2:40  Drone x2  
  24  2:43  Drone  
  28  2:48  Extractor  
  27  2:58  Drone  
  28  3:04  Lair  
  28  3:12  Roach Warren  
  27  3:15  Drone x2  
  27  3:16  Drone  
  30  3:42  Overlord  
  30  3:45  Drone  
  30  3:46  Drone  
  32  4:00  Queen  
  34  4:04  Drone x4  
  34  4:07  Roach  
  34  4:09  Overlord  
  40  4:10  Overlord  
  40  4:21  Hydralisk Den  
  40  4:23  Drone x2, Evolution Chamber  
  40  4:37  Roach x3  
  46  4:44  Overlord  
  46  4:46  Overlord  
  46  4:50  Zerg Missile Weapons Level 1  
  46  4:51  Grooved Spines  
  46  4:52  Overlord  
  46  5:01  Hydralisk x2  
  46  5:02  Hydralisk  
  52  5:07  Hydralisk  
  52  5:10  Hydralisk  
  56  5:23  Drone x2  
  59  5:28  Drone x2  
  59  5:29  Drone  
  59  5:30  Overlord  
  59  5:34  Drone x2  
  63  5:46  Hatchery  
  63  5:49  Drone  
  64  5:50  Drone x2  
  64  5:54  Muscular Augments  
  65  6:06  Hydralisk x2  
  65  6:07  Hydralisk x2  
  73  6:14  Overlord  
  72  6:38  Roach, Overlord  
  74  6:56  Overlord  
  74  7:01  Queen  
  74  7:06  Drone  
  74  7:07  Drone x4  
  81  7:25  Hydralisk x4  
  81  7:26  Hydralisk x4, Extractor  
  81  7:28  Overlord  
  96  7:40  Overlord x3  
  96  8:14  Roach x2  
  96  8:15  Roach x6  
  96  8:17  Roach x3  
  118  8:20  Roach  
  110  9:04  Hydralisk  
  110  9:05  Hydralisk x6  
Show
View Real Time Build Order
Export as new Build Order

BigDaddy Protoss 

Build Orders:  

Get SALT Encoding   

  8  0:11  Pylon  
  8  0:18  Probe  
  9  0:30  Probe (Chrono Boost)  
  11  0:42  Probe (Chrono Boost)  
  11  0:48  Probe (Chrono Boost)  
  12  0:55  Pylon  
  12  0:57  Probe  
  13  1:07  Assimilator  
  13  1:09  Probe  
  14  1:21  Forge  
  14  1:31  Pylon  
  14  1:40  Probe  
  15  1:56  Photon Cannon  
  15  2:02  Photon Cannon  
  15  2:20  Gateway  
  15  2:27  Photon Cannon  
  15  2:33  Probe  
  16  2:38  Assimilator  
  16  2:55  Gateway  
  16  3:07  Cybernetics Core  
  16  3:10  Probe  
  17  3:24  Gateway  
  17  3:29  Probe  
  18  3:34  Pylon  
  18  3:43  Zealot  
  20  3:53  Protoss Shields Level 1  
  20  4:08  Photon Cannon  
  20  4:13  Probe  
  21  4:26  Probe  
  21  4:28  Zealot  
  24  4:40  Probe  
  25  5:10  Zealot x3  
  31  5:29  Nexus  
  31  5:33  Pylon  
  31  5:37  Zealot  
  33  5:54  Photon Cannon  
  33  6:01  Photon Cannon  
  33  6:08  Shield Battery  
  33  6:17  Probe  
  34  6:29  Probe  
  34  6:30  Zealot  
  37  6:41  Probe (Chrono Boost)  
  38  6:53  Probe (Chrono Boost)  
  40  6:56  Probe (Chrono Boost)  
  40  6:57  Probe (Chrono Boost)  
  41  7:02  Zealot  
  41  7:05  Probe  
  41  7:08  Probe  
  45  7:10  Robotics Facility  
  45  7:18  Probe  
  45  7:20  Probe (Chrono Boost)  
  45  7:22  Twilight Council  
  47  7:32  Probe (Chrono Boost)  
  47  7:36  Probe (Chrono Boost)  
  49  7:40  Probe (Chrono Boost)  
  49  7:43  Probe (Chrono Boost), Assimilator  
  51  7:46  Assimilator, Probe  
  52  7:51  Pylon  
  52  7:54  Probe  
  52  7:58  Zealot, Probe  
  56  8:06  Probe  
  56  8:10  Probe  
  58  8:18  Probe  
  59  8:22  Zealot x2, Probe  
  59  8:25  Zealot  
  66  8:30  Probe  
  66  8:32  Immortal  
  28  9:11  Observer  
Tags
 
Add a new tag
Caveats
  • Supply blocks, unpowered buildings, or Contaminate may cause inaccurate times.
  • Supply counts are checked every 10 seconds.